 Dungeon Crawl Stone Soup version 0.30.0-15-g856e2d3f33 (webtiles) character file.

Game seed: 1122098715162367641

60 ProzacElf the Shooter (level 3, -5/27 HPs)
             Began as a Demonspawn Hunter on May 19, 2023.
             Slain by Terence
             ... wielding a +0 trident
              (9 damage)
             ... on level 2 of the Dungeon.
             The game lasted 00:03:01 (951 turns).

ProzacElf the Shooter (Demonspawn Hunter)            Turns: 951, Time: 00:03:01

Health: -5/27      AC:  3    Str: 11 (13) XL:     3   Next: 80%
Magic:  3/3        EV: 11    Int:  9 (10) God:
Gold:   153        SH:  0    Dex: 14 (16) Spells: 2/2 levels left

rFire   x . .        b - +0 scimitar
rCold   . . .        (no shield)
rNeg    . . .        c - +0 leather armour
rPois   .            (helmet restricted)
rElec   .            (no cloak)
rCorr   .            (no gloves)
SInv    .            (no boots)
Will    +....        (no amulet)
Stlth   ++           h - ring of willpower
HPRegen 0.24/turn    (no ring)
MPRegen 0.08/turn

%: no passive effects
@: attractive, flying
A: horns 1, heat vulnerability 1, noise suppression
a: no special abilities


You were on level 2 of the Dungeon.
You visited 1 branch of the dungeon, and saw 2 of its levels.

You collected 153 gold pieces.

Inventory:

Hand Weapons
 a - a +0 shortbow
 b - a +0 scimitar (weapon)
 l - a +0 spear
 r - a +1 vampiric dagger
 u - a +1 dagger of draining
Armour
 c - a +0 leather armour (worn)
 n - a +0 plate armour
Jewellery
 h - a ring of willpower (left hand)
Scrolls
 e - a scroll of immolation
 f - a scroll of amnesia {unknown}
 g - 2 scrolls of teleportation {unknown}
 i - a scroll of silence {unknown}
 j - a scroll of fear {unknown}
 k - a scroll of fog {unknown}
 s - a scroll of enchant weapon {unknown}
Potions
 p - a potion of degeneration


   Skills:
 - Level 2.0 Fighting
 + Level 4.3 Ranged Weapons
 - Level 1.7 Dodging
 + Level 2.6 Stealth


You had 2 spell levels left.
You didn't know any spells.
Your spell library contained the following spells:

 Spells                   Type           Power      Damage    Failure   Level
 Call Canine Familiar     Summ           0%         N/A       85%         3
 Portal Projectile        Hex/Tloc       0%         N/A       85%         3
 Leda's Liquefaction      Hex/Erth       0%         N/A       99%         4


Dungeon Overview and Level Annotations

Branches:
Dungeon (2/15)

Altars:

Annotations:
D:2 Terence


Innate Abilities, Weirdness & Mutations

You have a pair of small horns on your head.
You are vulnerable to heat. (rF-)
You passively dampen the noise of your surroundings.


Message History

Terence hits ye from afar wit' a +0 trident!
* * * LOW HITPOINT WARNIN'
* * * Ye take 12 damage, an' haf 2/27 hp.
MASSIVE DAMAGE!!
It was a potion o' magic.
Magic courses through yer body.
It was a potion o' attraction.
Ye feel attractive ta monsters.
Terence be attracted toward ye.
It was a potion o' mutation.
Ye feel 'stremely strange.
Ye feel vulner'ble ta heat.
Ye feel yer surroundin's grow quieter.
Terence be attracted toward ye.
It was a potion o' curin'.
Ye feel better.
Ye flicker fer a momn't.
Terence misses ye.
Ye regain'd 9 hp, an' now haf 13/27 hp.
b - a +0 scimitar (weapon)
Terence hits ye wit' a +0 trident.
Ye take 2 damage, an' haf 11/27 hp.
Ye slash Terence!
Ye headbutt Terence, but do nay damage.
Terence be moderately wounded.
Terence closely misses ye.
Ye hit Terence but do nay damage.
Ye headbutt Terence, but do nay damage.
Terence be moderately wounded.
Terence closely misses ye.
Ye slash Terence!
Terence be severely wounded.
Terence closely misses ye.
Ye strike tha helpless Terence from behind!
Ye hit Terence but do nay damage.
Ye headbutt Terence, but do nay damage.
Terence be severely wounded.
Ye flicker back inta view.
Terence hits ye wit' a +0 trident!
* * * LOW HITPOINT WARNIN'
* * * Ye take 8 damage, an' haf 4/27 hp.
MASSIVE DAMAGE!!
Ye barely miss Terence.
Yer headbutt misses Terence.
Terence be severely wounded.
Terence barely misses ye.
Terence closely misses ye.
Ye barely miss Terence.
Ye headbutt Terence, but do nay damage.
Terence be severely wounded.
Terence hits ye wit' a +0 trident!
Ye die...

#######.# ........#
.# ###.##..########
.#
##.##.......†.####
#.
##...##.####).....#
.. ........#
#.#.##.## .#
##>..#### #.#.#...#
.# ##.##
#.#.#...##.# #.#
#.#..@@....# #.#
#.#........# #.#
#.#.......## #.#
#.###...### .#
#...# ##<## ..#
####


You could see Terence.

Vanquished Creatures
  A gnoll (D:1)
  A worm (D:2)
  A dart slug (D:2)
  7 ball pythons
  5 bats
  6 endoplasms
  3 giant cockroaches (D:1)
  3 goblins
  2 hobgoblins (D:1)
  2 jackals (D:2)
  4 quokkas
  4 kobolds
  2 rats (D:2)
41 creatures vanquished.

Notes
Turn   | Place    | Note
-------+----------+-------------------------------------------
     0 | D:1      | ProzacElf the Demonspawn Hunter began the quest for the
                  | Orb.
     0 | D:1      | Reached XP level 1. HP: 16/16 MP: 1/1
    20 | D:1      | Reached skill level 1 in Stealth
    45 | D:1      | Gained mutation: You have a pair of small horns on your
                  | head. [demonic ancestry]
    45 | D:1      | Reached XP level 2. HP: 22/22 MP: 2/2
   168 | D:1      | Found a faded altar of an unknown god.
   178 | D:1      | Reached skill level 4 in Ranged Weapons
   236 | D:1      | Reached XP level 3. HP: 27/27 MP: 3/3
   932 | D:2      | Noticed Terence
   943 | D:2      | Gained mutation: You are vulnerable to heat. (rF-) [potion
                  | of mutation]
   943 | D:2      | Gained mutation: You passively dampen the noise of your
                  | surroundings. [potion of mutation]
   951 | D:2      | Slain by Terence

Illustrated notes

Levels and vault maps discovered:
D:1:      scummos_arrival_forest, layout_basic,
          ebering_ecumenical_altar_sacrificial
D:2:      layout_loops_ring, uniq_crazy_yiuf_cottage, uniq_terence

Skill      XL: |  1  2 |
---------------+-------+-----
Stealth        | 1 2 |  2.6
Ranged Weapons | 4 |  4.3
Fighting       | |  2.0
Dodging        | |  1.7

Action                     || total
---------------------------++-------
  Melee: Scimitar          ||     6
         Headbutt          ||     4
   Fire: Shortbow          ||   107
    Use: Potion            ||     7
   Stab: Invisible         ||     1
 Armour: Leather armour    ||    17
  Dodge: Dodged            ||    31

Action                     || total
---------------------------++-------
  Melee: Scimitar          ||     6
         Headbutt          ||     4
   Fire: Shortbow          ||   107
    Use: Potion            ||     7
   Stab: Invisible         ||     1
 Armour: Leather armour    ||    17
  Dodge: Dodged            ||    31

Levels and vault maps discovered:
D:1:      scummos_arrival_forest, layout_basic,
          ebering_ecumenical_altar_sacrificial
D:2:      layout_loops_ring, uniq_crazy_yiuf_cottage, uniq_terence
